TOP OF THE 1ST |
Highwood Hawks batting - Pitching for Idaho Falls Chukars : RHP Shotaro Sugahara
|
Pitching: RHP Shotaro Sugahara
|
|
Batting: LHB Kendrick Sullivan
|
0-0: Called Strike 0-1: Called Strike 0-2: Strikes out swinging
|
Batting: RHB Júlio Becerra
|
0-0: Ball 1-0: Foul Ball, location: 2F 1-1: Foul Ball, location: 2F 1-2: Ball 2-2: Ball 3-2: Base on Balls
|
Batting: SHB Luis Manuel Flores
|
0-0: Ball 1-0: Swinging Strike 1-1: SINGLE (Line Drive, 6MD) Júlio Becerra to second Runner from 2nd tries for 3rd, SAFE, no throw or cutoff
|
Batting: LHB Scott Janousek
|
0-0: Fielders Choice at 2nd, 6-4 (Groundball, 6) Júlio Becerra scores
|
Batting: RHB James Hill
|
0-0: Ball 1-0: Ball Scott Janousek steals 2nd base 2-0: Foul Ball, location: 2F 2-1: DOUBLE (Line Drive, 7M) Scott Janousek scores
|
Batting: RHB Pepe Álvarez
|
0-0: SINGLE (Line Drive, 56D) James Hill to third Runner from 3rd tries for Home, SAFE, no throw or cutoff
|
Batting: SHB Gabriel Pittman
|
0-0: Ball Pepe Álvarez steals 2nd base 1-0: Ball 2-0: Ball Passed Ball! Pepe Álvarez to third 3-0: Base on Balls
|
Batting: RHB Harry Freidricks
|
0-0: Foul Ball, location: 2F 0-1: SINGLE (Groundball, 4MD) Pepe Álvarez scores Gabriel Pittman to second Runner from 2nd tries for 3rd, SAFE, throw made to third
|
Batting: RHB Eduardo Guzmán
|
0-0: Ball 1-0: Swinging Strike 1-1: Swinging Strike 1-2: Ball 2-2: Ball 3-2: Strikes out swinging
|
Top of the 1st over - 4 run(s), 4 hit(s), 0 error(s), 2 left on base; Highwood 4 - Idaho Falls 0 |
BOTTOM OF THE 1ST |
Idaho Falls Chukars batting - Pitching for Highwood Hawks : LHP Gabriel Herrera
|
Pitching: LHP Gabriel Herrera
|
|
Batting: RHB Miguel Luna
|
0-0: Ball 1-0: Called Strike 1-1: Ball 2-1: Called Strike 2-2: Ball 3-2: Strikes out swinging
|
Batting: LHB Frank Sharp
|
0-0: Ball 1-0: Called Strike 1-1: Ball 2-1: Called Strike 2-2: Ball 3-2: Base on Balls
|
Batting: SHB Pablo Coloa
|
0-0: Ball 1-0: Fly out, F8 (Flyball, 8LM)
|
Batting: RHB Adrian Rodgers
|
Pickoff Throw to First - Error! E1 Frank Sharp to second 0-0: Ball 1-0: Called Strike 1-1: Ball Wild Pitch! Frank Sharp to third 2-1: Ball 3-1: Fly out, F8 (Line Drive, 8RD)
|
Bottom of the 1st over - 0 run(s), 0 hit(s), 1 error(s), 1 left on base; Highwood 4 - Idaho Falls 0 |
TOP OF THE 2ND |
Highwood Hawks batting - Pitching for Idaho Falls Chukars : RHP Shotaro Sugahara
|
Batting: LHB Kendrick Sullivan
|
0-0: Ground out 1-3 (Groundball, 13S)
|
Batting: RHB Júlio Becerra
|
0-0: Ball 1-0: Called Strike 1-1: DOUBLE (Flyball, 7LM)
|
Batting: SHB Luis Manuel Flores
|
0-0: Called Strike Júlio Becerra is caught stealing 3rd base 0-1: Ball 1-1: Called Strike 1-2: SINGLE (Groundball, 4MD)
|
Batting: LHB Scott Janousek
|
0-0: Ball 1-0: Ball 2-0: Swinging Strike 2-1: Ball 3-1: Fly out, F8 (Flyball, 89M)
|
Top of the 2nd over - 0 run(s), 2 hit(s), 0 error(s), 1 left on base; Highwood 4 - Idaho Falls 0 |
BOTTOM OF THE 2ND |
Idaho Falls Chukars batting - Pitching for Highwood Hawks : LHP Gabriel Herrera
|
Batting: RHB Michael Bradshaw
|
0-0: Ball 1-0: Ball 2-0: Foul Ball, location: 2F 2-1: Foul Ball, location: 2F 2-2: Strikes out swinging
|
Batting: RHB Scott Ramsey
|
0-0: Ball 1-0: DOUBLE (Flyball, 8LM)
|
Batting: RHB Christian Gentry
|
0-0: Swinging Strike 0-1: Called Strike 0-2: Foul Ball, location: 2F 0-2: Ball 1-2: Foul Ball, location: 2F 1-2: Foul Ball, location: 2F 1-2: Strikes out looking
|
Batting: RHB Jonah Cooney
|
0-0: Swinging Strike 0-1: Called Strike 0-2: Ball 1-2: Foul Ball, location: 2F 1-2: Ball 2-2: DOUBLE (Flyball, 7M) Scott Ramsey scores
|
Batting: SHB Félix Medina
|
0-0: Swinging Strike 0-1: Swinging Strike 0-2: Ball 1-2: Strikes out swinging
|
Bottom of the 2nd over - 1 run(s), 2 hit(s), 0 error(s), 1 left on base; Highwood 4 - Idaho Falls 1 |
TOP OF THE 3RD |
Highwood Hawks batting - Pitching for Idaho Falls Chukars : RHP Shotaro Sugahara
|
Batting: RHB James Hill
|
0-0: Called Strike 0-1: Ball 1-1: Called Strike 1-2: Strikes out swinging
|
Batting: RHB Pepe Álvarez
|
0-0: Foul Ball, location: 2F 0-1: Foul Ball, location: 2F 0-2: Ball 1-2: Ball 2-2: Ball 3-2: Ground out 3-1 (Groundball, 34)
|
Batting: SHB Gabriel Pittman
|
0-0: Ball 1-0: Ground out 1-3 (Groundball, 25)
|
Top of the 3rd over - 0 run(s), 0 hit(s), 0 error(s), 0 left on base; Highwood 4 - Idaho Falls 1 |
BOTTOM OF THE 3RD |
Idaho Falls Chukars batting - Pitching for Highwood Hawks : LHP Gabriel Herrera
|
Batting: RHB Miguel Luna
|
0-0: Ball 1-0: Ball 2-0: Called Strike 2-1: Foul Ball, location: 2F 2-2: Strikes out looking
|
Batting: LHB Frank Sharp
|
0-0: Swinging Strike 0-1: Swinging Strike 0-2: Strikes out swinging
|
Batting: SHB Pablo Coloa
|
0-0: Called Strike 0-1: Foul Ball, location: 2F 0-2: Foul Ball, location: 2F 0-2: Ball 1-2: Ball 2-2: Ball 3-2: Foul Ball, location: 2F 3-2: Foul Ball, location: 2F 3-2: Foul Ball, location: 2F 3-2: DOUBLE (Line Drive, 5L)
|
Batting: RHB Adrian Rodgers
|
0-0: Ball 1-0: Ground out 5-3 (Groundball, 56)
|
Bottom of the 3rd over - 0 run(s), 1 hit(s), 0 error(s), 1 left on base; Highwood 4 - Idaho Falls 1 |
TOP OF THE 4TH |
Highwood Hawks batting - Pitching for Idaho Falls Chukars : RHP Shotaro Sugahara
|
Batting: RHB Harry Freidricks
|
0-0: Called Strike 0-1: Called Strike 0-2: Strikes out swinging
|
Batting: RHB Eduardo Guzmán
|
0-0: Called Strike 0-1: SINGLE (Line Drive, 7S)
|
Batting: LHB Kendrick Sullivan
|
0-0: Ball 1-0: Fly out, F9 (Popup, 4D)
|
Batting: RHB Júlio Becerra
|
0-0: Swinging Strike 0-1: Swinging Strike 0-2: Foul Ball, location: 2F 0-2: Foul Ball, location: 2F 0-2: Strikes out looking
|
Top of the 4th over - 0 run(s), 1 hit(s), 0 error(s), 1 left on base; Highwood 4 - Idaho Falls 1 |
BOTTOM OF THE 4TH |
Idaho Falls Chukars batting - Pitching for Highwood Hawks : LHP Gabriel Herrera
|
Batting: RHB Michael Bradshaw
|
0-0: Ball 1-0: Foul Ball, location: 2F 1-1: Called Strike 1-2: Strikes out swinging
|
Batting: RHB Scott Ramsey
|
0-0: Ball 1-0: Ball 2-0: Ground out 5-3 (Groundball, 5S)
|
Batting: RHB Christian Gentry
|
0-0: SINGLE (Groundball, 5D)
|
Batting: RHB Jonah Cooney
|
0-0: Called Strike 0-1: Ball 1-1: Ball 2-1: Called Strike 2-2: Ball 3-2: Strikes out swinging
|
Bottom of the 4th over - 0 run(s), 1 hit(s), 0 error(s), 1 left on base; Highwood 4 - Idaho Falls 1 |
TOP OF THE 5TH |
Highwood Hawks batting - Pitching for Idaho Falls Chukars : RHP Shotaro Sugahara
|
Batting: SHB Luis Manuel Flores
|
0-0: Ball 1-0: Called Strike 1-1: Foul Ball, location: 2F 1-2: SINGLE (Groundball, 56)
|
Batting: LHB Scott Janousek
|
0-0: Ball 1-0: Foul Ball, location: 2F 1-1: Ball 2-1: Ball 3-1: SINGLE (Line Drive, 9LS) Luis Manuel Flores to second
|
Batting: RHB James Hill
|
0-0: Ball 1-0: Called Strike Luis Manuel Flores steals 3rd base Scott Janousek to second 1-1: Ball 2-1: Ground out 6-3 (Groundball, 6)
|
Batting: RHB Pepe Álvarez
|
0-0: Intentional Walk
|
Batting: SHB Gabriel Pittman
|
0-0: Called Strike 0-1: Foul Ball, location: 2F 0-2: Strikes out swinging
|
Batting: RHB Harry Freidricks
|
0-0: Swinging Strike 0-1: Swinging Strike 0-2: Strikes out swinging
|
Top of the 5th over - 0 run(s), 2 hit(s), 0 error(s), 3 left on base; Highwood 4 - Idaho Falls 1 |
BOTTOM OF THE 5TH |
Idaho Falls Chukars batting - Pitching for Highwood Hawks : LHP Gabriel Herrera
|
Batting: SHB Félix Medina
|
0-0: Ball 1-0: Called Strike 1-1: Foul Ball, location: 2F 1-2: Foul Ball, location: 2F 1-2: Ball 2-2: Foul Ball, location: 2F 2-2: Strikes out swinging
|
Batting: RHB Miguel Luna
|
0-0: SINGLE (Groundball, 5D)
|
Batting: LHB Frank Sharp
|
0-0: Ball 1-0: Called Strike 1-1: Ball 2-1: Called Strike 2-2: Strikes out looking
|
Batting: SHB Pablo Coloa
|
0-0: Called Strike 0-1: Ball 1-1: Called Strike Throwing error on steal attempt, E2 Miguel Luna to third 1-2: Ground out 6-3 (Groundball, 6)
|
Bottom of the 5th over - 0 run(s), 1 hit(s), 1 error(s), 1 left on base; Highwood 4 - Idaho Falls 1 |
TOP OF THE 6TH |
Highwood Hawks batting - Pitching for Idaho Falls Chukars : RHP Shotaro Sugahara
|
Pitching: RHP Rick Kennedy
|
|
Batting: RHB Eduardo Guzmán
|
0-0: Fly out, F4 (Popup, 4)
|
Batting: LHB Kendrick Sullivan
|
0-0: Foul Ball, location: 2F 0-1: Ball 1-1: SINGLE (Flyball, 9LM)
|
Batting: RHB Júlio Becerra
|
0-0: Ball 1-0: Ball 2-0: Ball Kendrick Sullivan steals 2nd base 3-0: Called Strike 3-1: Foul Ball, location: 2F 3-2: Ground out 1-3 (Groundball, 25)
|
Batting: SHB Luis Manuel Flores
|
0-0: Ball 1-0: Ball 2-0: Swinging Strike 2-1: Fly out, F7 (Popup, 5D)
|
Top of the 6th over - 0 run(s), 1 hit(s), 0 error(s), 1 left on base; Highwood 4 - Idaho Falls 1 |
BOTTOM OF THE 6TH |
Idaho Falls Chukars batting - Pitching for Highwood Hawks : LHP Gabriel Herrera
|
Batting: RHB Adrian Rodgers
|
0-0: Called Strike 0-1: Swinging Strike 0-2: Strikes out looking
|
Batting: RHB Michael Bradshaw
|
0-0: SINGLE (Line Drive, 3L)
|
Batting: RHB Scott Ramsey
|
0-0: Ball 1-0: Called Strike 1-1: DOUBLE (Line Drive, 7LS) Michael Bradshaw to third Runner from 3rd tries for Home, SAFE, no throw or cutoff
|
Batting: RHB Christian Gentry
|
0-0: Ball 1-0: Foul Ball, location: 2F 1-1: Ground out U3 (Groundball, 3S) Scott Ramsey to third
|
Batting: RHB Jonah Cooney
|
0-0: Called Strike 0-1: Ball 1-1: 2-RUN HOME RUN (Flyball, 7LD), Distance : 385 ft
|
Batting: SHB Félix Medina
|
0-0: Swinging Strike 0-1: Ball 1-1: Fly out, F9 (Flyball, 89M)
|
Bottom of the 6th over - 3 run(s), 3 hit(s), 0 error(s), 0 left on base; Highwood 4 - Idaho Falls 4 |
TOP OF THE 7TH |
Highwood Hawks batting - Pitching for Idaho Falls Chukars : RHP Rick Kennedy
|
Batting: LHB Scott Janousek
|
0-0: Called Strike 0-1: Ball 1-1: Ball 2-1: Called Strike 2-2: Strikes out swinging
|
Pinch Hitting: LHB Jim Unknown
|
0-0: Foul Ball, location: 2F 0-1: Ball 1-1: Called Strike 1-2: Strikes out looking
|
Pinch Hitting: LHB Curt Wilson
|
0-0: Ground out 4-3 (Groundball, 34)
|
Top of the 7th over - 0 run(s), 0 hit(s), 0 error(s), 0 left on base; Highwood 4 - Idaho Falls 4 |
BOTTOM OF THE 7TH |
Idaho Falls Chukars batting - Pitching for Highwood Hawks : LHP Gabriel Herrera
|
Now at 3B: Curt Wilson
|
|
Now in CF: Jim Unknown
|
|
Pinch Hitting: RHB Rubén Hernández
|
0-0: Ball 1-0: Called Strike 1-1: Called Strike 1-2: Strikes out swinging
|
Pinch Hitting: RHB Tan Bal
|
0-0: Called Strike 0-1: Ball 1-1: Ground out 5-3 (Groundball, 15S)
|
Batting: SHB Pablo Coloa
|
0-0: Ground out 4-3 (Groundball, 4M)
|
Bottom of the 7th over - 0 run(s), 0 hit(s), 0 error(s), 0 left on base; Highwood 4 - Idaho Falls 4 |
TOP OF THE 8TH |
Highwood Hawks batting - Pitching for Idaho Falls Chukars : RHP Rick Kennedy
|
Now in LF: Leon Carlisle
|
|
Now in RF: Daryl Moran
|
|
Pinch Hitting: LHB Jim Unknown
|
0-0: Called Strike 0-1: Ball 1-1: Ball 2-1: Called Strike 2-2: Strikes out swinging
|
Batting: RHB Harry Freidricks
|
0-0: Swinging Strike 0-1: Foul Ball, location: 2F 0-2: Strikes out swinging
|
Batting: RHB Eduardo Guzmán
|
0-0: Called Strike 0-1: Ball 1-1: Called Strike 1-2: Ground out U3 (Groundball, 3L)
|
Top of the 8th over - 0 run(s), 0 hit(s), 0 error(s), 0 left on base; Highwood 4 - Idaho Falls 4 |
BOTTOM OF THE 8TH |
Idaho Falls Chukars batting - Pitching for Highwood Hawks : LHP Gabriel Herrera
|
Pitching: RHP Vicente García
|
|
Now at SS: Rojo Nasution
|
|
Batting: RHB Adrian Rodgers
|
0-0: Ball 1-0: Swinging Strike 1-1: SINGLE (Line Drive, 6MD)
|
Pinch Hitting: LHB Armando Peńa
|
Pickoff Throw to First - Out! 0-0: Ball 1-0: Foul Ball, location: 2F 1-1: Called Strike 1-2: Ball 2-2: Strikes out swinging
|
Batting: RHB Scott Ramsey
|
0-0: Swinging Strike 0-1: Called Strike 0-2: Strikes out looking
|
Bottom of the 8th over - 0 run(s), 1 hit(s), 0 error(s), 0 left on base; Highwood 4 - Idaho Falls 4 |
TOP OF THE 9TH |
Highwood Hawks batting - Pitching for Idaho Falls Chukars : RHP Rick Kennedy
|
Pitching: LHP An Jang-Yop
|
|
Now at 2B: Armando Peńa
|
|
Batting: LHB Kendrick Sullivan
|
0-0: Ball 1-0: Foul Ball, location: 2F 1-1: Foul Ball, location: 2F 1-2: Ball 2-2: Strikes out looking
|
Batting: RHB Júlio Becerra
|
0-0: Foul Ball, location: 2F 0-1: Swinging Strike 0-2: Ball 1-2: Strikes out looking
|
Batting: SHB Luis Manuel Flores
|
0-0: Foul Ball, location: 2F 0-1: Called Strike 0-2: Ball 1-2: Strikes out swinging
|
Top of the 9th over - 0 run(s), 0 hit(s), 0 error(s), 0 left on base; Highwood 4 - Idaho Falls 4 |
|